Selects Luftwaffe Battlegroup
Selects Luftwaffe Pioneer Support
Fallschirmpioneer Squad Paradrop
Construct Infanterie Kompanie
Fallschirmpioneer Squad Paradrop
Infanterie Officer Quarters
Construct Luftwaffe Kompanie
Selects LG40 Recoilless Gun Paradrop
Selects Stuka Strafing Run
Marder III M Tank Destroyer
Construct Panzergrenadier Kompanie
Selects Fallschirmjäger Squad Paradrop
Selects Fragmentation Bombs
Marder III M Tank Destroyer
Construct Panzer Kompanie